Cogmind - Beta 13 @@@ ROGUE MODE // 2024.08.05 @ 08:31:38 Player: Tease1234 Result: Destroyed by G-34 Mercenary with Small Laser Performance ------------- Evolutions (1) 500 Regions Visited (2) 400 Robots Destroyed (16) 80 Value Destroyed (329) 329 Prototype IDs (2) 40 Alien Tech Used (0) 0 Bonus (0) 0 TOTAL SCORE: 1349 Bonus ------- None Cogmind --------- Core Integrity 0/400 Matter 300/300 Energy 100/100 System Corruption 0% Temperature Cool (21) Movement Core (350) Ox6 Location -9/Materials Parts ------- > --- POWER (1) -------- (None) > --- PROPULSION (2) --- (None) > --- UTILITY (3) ------ Large Storage Unit Structural Scanner Signal Interpreter > --- WEAPON (3) ------- (None) > --- INVENTORY (15) --- Ion Engine Light Ion Engine Heat Sink Large Storage Unit High-capacity Battery (250) Small Matter Pod (50) Medium Matter Pod (100) Structural Scanner Sensor Array Melee Analysis Suite Hardened Light Armor Plating Tractor Beam Tractor Beam Peak State ------------ > --- POWER ------------ Light Nuclear Core > --- PROPULSION ------- Wheel Wheel > --- UTILITY ---------- Large Storage Unit Signal Interpreter > --- WEAPON ----------- Medium Laser Assault Rifle > --- INVENTORY -------- Light Ion Engine Heat Sink Large Storage Unit High-capacity Battery Small Matter Pod Medium Matter Pod Tractor Beam Tractor Beam Small Laser Hammer [Rating: 10] Favorites ----------- Power Light Ion Engine Engine Light Ion Engine Power Core Light Nuclear Core Propulsion Wheel Wheel Wheel Utility Large Storage Unit Device Structural Scanner Storage Large Storage Unit Processor Signal Interpreter Weapon Medium Laser Energy Gun Medium Laser Ballistic Gun Assault Rifle Special Weapon Mining Laser Impact Weapon Hammer Build | -11 -10 -9 ------- Run | Yrd Mat Mat Slots Evolved 2 | . . 2 Power . | . . . Propulsion . | . . . Utility 1 | . . 1 Weapon 1 | . . 1 Parts Attached 15 | 5 8 2 Power 3 | 1 2 . Engine 2 | 1 1 . Core 1 | . 1 . Reactor . | . . . Propulsion 4 | 2 2 . Treads . | . . . Leg . | . . . Wheel 4 | 2 2 . Hover . | . . . Flight . | . . . Utility 3 | . 2 1 Device 1 | . . 1 Storage 1 | . 1 . Processor 1 | . 1 . Hackware . | . . . Protection . | . . . Artifact . | . . . Weapon 5 | 2 2 1 Energy Gun 2 | 1 1 . Energy Cannon . | . . . Ballistic Gun 1 | 1 . . Ballistic Cannon . | . . . Launcher . | . . . Special Weapon 1 | . 1 . Impact Weapon 1 | . . 1 Slashing Weapon . | . . . Piercing Weapon . | . . . Special Melee Weapon . | . . . Unidentified Prototypes . | . . . Parts Lost 7 | . 1 6 Power 1 | . . 1 Propulsion 2 | . . 2 Utility . | . . . Weapon 4 | . 1 3 Highest Loss Streak 6 | . 1 6 To Critical Strikes . | . . . Average Slot Usage (%) 91 | . 93 81 Engine 8 | . 8 9 Core 4 | . 5 . Wheel 25 | . 28 13 Device 1 | . . 11 Storage 13 | . 13 11 Processor 8 | . 8 11 Energy Gun 16 | . 18 7 Ballistic Gun 7 | . 8 . Special Weapon 1 | . . 6 Impact Weapon 1 | . . 11 Naked Turns . | . . . Heaviest Build 29 | 7 29 29 Greatest Support 32 | 20 32 32 Greatest Overweight (x) 8 | . 1 8 Average Overweight (x) . | . . . Largest Inventory Capacity 15 | 5 15 15 Average Capacity 14 | 5 14 15 Most Carried 14 | 3 14 13 Average Carried 9 | . 10 11 Final Capacity 15 | 5 15 15 Final Carried 13 | 1 12 13 Class Distribution -------------------- 100% | Mutant Dominant Class ---------------- Mutant | -10/Materials Mutant | -9/Materials Resources | -11 -10 -9 ----------- Run | Yrd Mat Mat Matter Collected 516 | 259 183 74 Remotely . | . . . Salvage Created 497 | 44 210 243 Parts 33 | 1 19 13 Haulers Intercepted . | . . . Recyclers Shooed 2 | . 2 . Parts Field Recycled . | . . . Retrieved Matter . | . . . Parts Self-Destructed . | . . . Prevented . | . . . Kills | -11 -10 -9 ------- Run | Yrd Mat Mat Combat Hostiles Destroyed 12 | 1 8 3 Melee 1 | . . 1 Guns 11 | 1 8 2 Classes Destroyed 6 | 1 3 2 Worker 1 | . 1 . Recycler 1 | . . 1 Watcher 2 | . 1 1 Swarmer 6 | . 6 . Grunt 5 | 1 2 2 Duelist 1 | . . 1 Best Kill Streak 4 | 1 4 4 Combat Bots Only 3 | 1 3 2 Max Kills in Single Turn 2 | 1 2 1 Gunslinging . | . . . Exploded . | . . . Melee 1 | . . 1 Uniques/NPCs Destroyed . | . . . Combat | -11 -10 -9 -------- Run | Yrd Mat Mat Hostile Shots Fired 120 | 4 42 74 Missed 24 | . 8 16 Damage Taken 1192 | 45 333 814 Core 494 | 12 72 410 Absorbed by Shields . | . . . Core Remaining (%) 80 | 95 66 . Volleys Fired 39 | 3 22 14 Largest 2 | 2 2 1 Hottest 90 | 70 90 50 Shots Fired 64 | 6 44 14 Gun 64 | 6 44 14 Cannon . | . . . Launcher . | . . . Special . | . . . Kinetic 22 | 3 19 . Thermal 42 | 3 25 14 Explosive . | . . . Electromagnetic . | . . . Robot Hit Streak 14 | 5 14 5 Robot Miss Streak 4 | . 4 2 Penetration Max . | . . . Secondary Targets . | . . . Shots Hit Robots 45 | 5 21 19 Core Hits 25 | 2 16 7 Critical Kills . | . . . Critical Parts Destroyed . | . . . Critical Strikes 2 | . 1 1 Burn 1 | . 1 . Smash 1 | . . 1 Melee Attacks 11 | . . 11 Impact 11 | . . 11 Slashing . | . . . Piercing . | . . . Sneak Attacks 1 | . . 1 Combat Hostiles . | . . . Follow-up Attacks . | . . . Damage Inflicted 753 | 67 342 344 Guns 511 | 67 317 127 Cannons . | . . . Explosions . | . . . Melee 217 | . . 217 Ramming 25 | . 25 . Kinetic 135 | 42 93 . Thermal 376 | 25 224 127 Explosive . | . . . Electromagnetic . | . . . Impact 217 | . . 217 Slashing . | . . . Piercing . | . . . Highest Corruption . | . . . Average Corruption . | . . . Corruption Purged . | . . . Corruption Blocked . | . . . Overload Shots . | . . . Overflow Damage 21 | . . 21 Projectiles . | . . . Explosions . | . . . Melee 21 | . . 21 Knockbacks 2 | . 1 1 Impact 2 | . 1 1 Kinetic . | . . . Secondary . | . . . Self-Inflicted Damage 10 | . 10 . Shots . | . . . Rammed 6 | . 5 1 Targets Rammed 6 | . 5 1 Kicked . | . . . Crushed . | . . . Highest Temperature 120 | 45 120 58 Average Temperature 42 | 26 51 26 Received Heat Transfer 459 | 24 72 363 Siege Activations . | . . . Robots Corrupted . | . . . Combat Hostiles . | . . . Parts Fried 2 | . . 2 Impact Corruptions 1 | . . 1 Robots Melted . | . . . Combat Hostiles . | . . . Parts Melted 3 | . 2 1 Heat Transferred 1160 | 74 716 370 Parts Sabotaged . | . . . Parts Stolen . | . . . Parts Stripped . | . . . Power Chain Reactions . | . . . Alert | -11 -10 -9 ------- Run | Yrd Mat Mat Peak Influence 175 | 20 175 72 Initial 13 | . 13 5 Average 46 | 1 50 43 Maximum Alert Level . | . . . Low Security (%) 100 | 100 100 100 Level 1 . | . . . Level 2 . | . . . Level 3 . | . . . Level 4 . | . . . Level 5 . | . . . High Security . | . . . Max Security . | . . . Squads Dispatched . | . . . Investigation . | . . . Extermination . | . . . Reinforcement . | . . . Assault . | . . . Garrison . | . . . Intercept . | . . . Searches Triggered . | . . . Construction Impeded . | . . . Haulers Reinforced . | . . . Active Scanning Responses . | . . . Cargo Convoy Interrupts . | . . . Stealth | -11 -10 -9 --------- Run | Yrd Mat Mat Distress Signals . | . . . Communications Jammed . | . . . Distress Signals . | . . . Times Spotted 23 | 1 12 10 Peak Tracking Total 6 | 1 4 6 Tactical Retreats . | . . . Traps | -11 -10 -9 ------- Run | Yrd Mat Mat Traps Triggered . | . . . Indirectly . | . . . Trap Hack Attempts . | . . . Triggered . | . . . Disarmed . | . . . Reprogrammed . | . . . Reused . | . . . Traps Extracted . | . . . Installed . | . . . Triggered . | . . . Machines | -11 -10 -9 ---------- Run | Yrd Mat Mat Machines Disabled . | . . . Max in Single Turn . | . . . Machines Repaired . | . . . Machines Dismantled . | . . . Machines Sabotaged . | . . . Overloaded Fab Kills . | . . . Hacking | -11 -10 -9 --------- Run | Yrd Mat Mat Machines Accessed 4 | . 4 . Terminals 4 | . 4 . Fabricators . | . . . Repair Stations . | . . . Recycling Units . | . . . Scanalyzers . | . . . Garrison Access . | . . . Total Hacks 8 | . 8 . Successful 4 | . 4 . Failed 4 | . 4 . Catastrophic . | . . . Database Lockouts . | . . . Manual 1 | . 1 . Terminals 8 | . 8 . Fabricators . | . . . Repair Stations . | . . . Recycling Units . | . . . Scanalyzers . | . . . Garrison Access . | . . . Terminal Hacks 4 | . 4 . Record 3 | . 3 . Prototype ID Bank 1 | . 1 . Fabricator Hacks . | . . . Repair Station Hacks . | . . . Recycling Unit Hacks . | . . . Scanalyzer . | . . . Garrison Access Hacks . | . . . Unauthorized Hacks . | . . . Terminals . | . . . Fabricators . | . . . Repair Stations . | . . . Recycling Units . | . . . Scanalyzers . | . . . Garrison Access . | . . . Data Cores Recovered . | . . . Used . | . . . Hacking Detections 2 | . 2 . Full Trace Events . | . . . Feedback Events . | . . . Feedback Blocked . | . . . Robot Schematics Acquired . | . . . Robots Built . | . . . Authchips . | . . . Time . | . . . Total Robot Build Rating . | . . . Part Schematics Acquired . | . . . Parts Built . | . . . Authchips . | . . . Time . | . . . Total Part Build Rating . | . . . Parts Repaired . | . . . Time . | . . . Parts Recycled . | . . . Recycled Matter . | . . . Retrieved Matter . | . . . Retrieved Components . | . . . Parts Scanalyzed . | . . . Part Schematics Acquired . | . . . Parts Damaged . | . . . Bothacking | -11 -10 -9 ------------ Run | Yrd Mat Mat Used RIF Installer . | . . . Robots Hacked . | . . . Non-combat . | . . . Combat . | . . . Robot Hacks Applied . | . . . Relay Couplers Released . | . . . Fabnet Peak Effective % . | . . . Robots Rewired . | . . . Allies Hacked . | . . . Hacks Repelled . | . . . Allies | -11 -10 -9 -------- Run | Yrd Mat Mat Total Allies . | . . . Largest Group . | . . . Highest-Rated Group . | . . . Highest-Rated Ally . | . . . Total Orders . | . . . Ally Attacks . | . . . Total Damage . | . . . Kills . | . . . Allies Corrupted . | . . . Allies Melted . | . . . Intel | -11 -10 -9 ------- Run | Yrd Mat Mat Robot Analysis Total . | . . . Derelict Logs Recovered . | . . . Drone Launches . | . . . Drone Recoveries . | . . . Exploration | -11 -10 -9 ------------- Run | Yrd Mat Mat Turns Passed 1136 | 86 886 164 Spaces Moved 988 | 91 820 77 Core 29 | 23 . 6 Treads . | . . . Legs . | . . . Wheels 959 | 68 820 71 Hover . | . . . Flight . | . . . Fastest Speed 50 | 50 80 100 Average Speed 95 | 72 94 125 Slowest Speed 450 | 80 105 450 Overloaded Moves . | . . . Propulsion Burnouts . | . . . Robots Hopped . | . . . Cave-ins Triggered . | . . . Exploration Rate (%) 23 | 8 56 7 Regions Visited 2 Branch Regions . Pre-discovered Areas . | . . . Known Exits Taken 1 | . 1 . Unknown Exits Taken 1 | 1 . . Scrap Searched . | . . . Spaces Dug . | . . . Terrain Destroyed . | . . . Melee . | . . . Projectile . | . . . AOE . | . . . Terrain Rammed . | . . . Walls Destroyed . | . . . Machines Disabled . | . . . Actions | -11 -10 -9 --------- Run | Yrd Mat Mat Total 1097 | 104 885 108 Wait 5 | . 5 . Move 986 | 90 819 77 Hop . | . . . Pick Up 29 | 6 20 3 Fast Attach . | . . . Attach 11 | 5 4 2 Detach . | . . . Swap 4 | . 4 . Drop 6 | . 6 . Fire 39 | 3 22 14 Melee 11 | . . 11 Ram 6 | . 5 1 Kick . | . . . Crush . | . . . Escape Stasis . | . . . Rewire . | . . . Trap . | . . . Miscellaneous . | . . . Route ------- -11/Scrapyard -10/Materials (discovered 3 exits: *Mat / *Min / [*Sub]) -9/Materials History --------- Turn | Location | Event 2 | -11/Scrapyard | Met Revision 17 65 | -11/Scrapyard | Discovered new exit (range 8) 87 | -11/Scrapyard | Entered Materials 300 | -10/Materials | Build established: Mutant 372 | -10/Materials | Discovered new exit (range 14) 507 | -10/Materials | Discovered new exit (range 13) 546 | -10/Materials | Identified exit to Materials 616 | -10/Materials | Identified exit to Mines 844 | -10/Materials | Discovered new exit (range 10) 973 | -10/Materials | Entered another Materials area 973 | -9/Materials | Evolved 2 slots: Utility x1, Weapon x1 1114 | -9/Materials | Core integrity fell below 50% 1135 | -9/Materials | Core integrity fell below 20% 1137 | -9/Materials | Destroyed by G-34 Mercenary with Small Laser Last Messages --------------- 01081_ Med. Laser destroyed. 01085_ L-31 Rogue destroyed. 01085_ Com. Wheel destroyed. 01092_ Acquired Melee Analysis Suite. 01094_ K-01 Serf collects debris. 01096_ R-06 Scavenger collects Aluminum Leg. 01097_ K-01 Serf collects debris. 01101_ Critical hit (Burn: +37). 01108_ K-01 Serf collects debris. 01110_ Critical hit (Burn: +37). 01111_ K-01 Serf collects debris. 01112_ Y-45 Defender suffers critical hit (Smash). 01113_ Lgt. Ion Engine destroyed. 01114_ K-01 Serf collects debris. 01115_ M-13 Machinist repairs Heat Sink. 01118_ K-01 Serf collects debris. 01122_ M-13 Machinist repairs Y-45 Defender. 01133_ Hammer destroyed. 01134_ Slammed into Y-45 Defender. 01135_ Critical hit (Burn: +37). Map ----- +----------------------------------------------------+ | ?????????????????????????????????????????????????? | | ?????????????????????????????????????????????????? | | ?????????????????????????????????????????????????? | | ?????????????????????????????????????????????????? | | ?????????????????????????????????????????????????? | | ?????????????????????????????????????????????????? | | ?????????????????????????????????????????????????? | | ?????????????????????????????????????????????????? | | ?????????????????????????????????????????????????? | | ?????????????????????????????????????????????????? | | ???????????????????????????????????#############?? | | ???????????????????????????????#################?? | | ??????????????????????????? # ####### ##?? | | ??????????????????????????? # ### # """"" ##?? | | ??????????????????????????? # # """"" ##?? | | ??????????????????????????? #####= # """"" ##?? | | ???????????????????????????###### ! + ##?? | | ???????????????????????????????## # ! ##?? | | ??????????????????#########????## # !! ##?? | | ??????????????????#########????## # !! ##?? | | ??????????????????## ##????## ############?? | | ??????????????????## ##????## ############?? | | ??????????????????## ########=! ############## | | ??????????????????## ########% ############## | | ??????????????????## m#g ! | | ??????????????????## Y@Y % | | ?????????????????? # g#g | | ?????????????????? # ### #####+############### | | ?????????????????? # ### ## ########## | | ?????????????????? # ### ##??????????????????? | | ?????????????????? # ### ##??????????????????? | | ?????????????????? # ### ##??????????????????? | | ?????????????????? ######### ##??????????????????? | | ?????????????????? ######### ##??????????????????? | | ??????????????????????????## ##??????????????????? | | ???????????????????????????? ????????????????????? | | ???????????????????????????? ????????????????????? | | ???????????????????????????? ????????????????????? | | ???????????????????????????? ????????????????????? | | ???????????????????????????? ????????????????????? | | ???????????????????????????? ????????????????????? | | ?????????????????????????????????????????????????? | | ?????????????????????????????????????????????????? | | ?????????????????????????????????????????????????? | | ?????????????????????????????????????????????????? | | ?????????????????????????????????????????????????? | | ?????????????????????????????????????????????????? | | ?????????????????????????????????????????????????? | | ?????????????????????????????????????????????????? | | ?????????????????????????????????????????????????? | +----------------------------------------------------+ Best States ------------- Heat Dissipation 28 Energy Generation 14 Energy Capacity 160 Matter Stores 300 Matter Capacity 300 Sight Range 16 Terrain Scan Density 10 Evasion (%) 50 Item Schematics ----------------- None Robot Schematics ------------------ None Fabricated ------------ Nothing Alien Tech Used ----------------- None Achievements -------------- None Challenges ------------ None Game ------ Seed FireTargetingMultirail Manual? 0 Play Time 00:13:52 Cumulative 2.5 hours Start 2024.08.05 @ 08:04:26 End 2024.08.05 @ 08:31:38 Sessions 1 Manual Loads 0 Difficulty Rogue Special Mode None Game No. 6 Rogue 6 Adventurer 0 Explorer 0 Win Type - Total 0 Types 0/0/0/0/0/0/0/0/0 Lore% 1 Gallery% 7 Achievement% 8 Wizard Run 0 Options --------- Layout 0 ASCII 0 Keyboard 0 Movement Arrows Keybinds 0 Fullscreen 1 Font 18/SmallcapsGlow Map View 76x50 Zoom Use 0% Tactical HUD 1 Map Filters NONE Filters NONE Steam 1 RUN: dbaaaab8-1d0b-407c-8431-5a9e5561f6c2